 Dungeon Crawl Stone Soup version 0.15.2 (webtiles) character file.

1122 Yazd the Cleaver (level 8, -10/73 HPs)
             Began as a Hill Orc Gladiator on Jan 4, 2015.
             Was an Initiate of Beogh.
             Mangled by an orc warrior
             ... wielding a +0 short sword
              (14 damage)
             ... on Level 7 of the Dungeon.
             The game lasted 00:29:47 (7773 turns).

Yazd the Cleaver (Hill Orc Gladiator)               Turns: 7773, Time: 00:29:47

HP -10/73        AC  5     Str 18      XL: 8   Next: 35%
MP   8/8         EV 12     Int  8      God: Beogh [......]
Gold 344         SH  0     Dex 11      Spells:  0 memorised,  7 levels left

rFire  . . .     SeeInvis .     a - +1 war axe
rCold  + . .     Clarity  .     j - +0 leather armour {rC+}
rNeg   . . .     rCorr    +     (no shield)
rPois  .         rRot     .     A - +0 helmet (curse)
rElec  .         Spirit   .     (no cloak)
SustAb +         Warding  .     (no gloves)
rMut   .         Stasis   .     e - +0 pair of boots
Gourm  .                        C - amulet of resist corrosion
MR     .....                    t - ring of sustain abilities
                                b - cursed -2 ring of intelligence

@: very slightly contaminated, slowed, very slow, not resistant to hostile
enchantments, very unstealthy
A: no striking features
a: Renounce Religion


You were on level 7 of the Dungeon.
You worshipped Beogh.
Beogh was noncommittal.
You were hungry.

You visited 2 branches of the dungeon, and saw 8 of its levels.

You collected 344 gold pieces.

Inventory:

Hand weapons
 a - a +1 war axe (weapon)
Missiles
 r - 80 stones (quivered)
Armour
 c - a +0 helmet
 e - a +0 pair of boots (worn)
 j - a +0 leather armour of cold resistance (worn)
 A - a cursed +0 helmet (worn)
Magical devices
 x - a wand of disintegration (6)
Comestibles
 f - 4 meat rations
 q - 3 bread rations
Scrolls
 i - a scroll of enchant weapon
 l - 2 scrolls of noise
 n - 2 scrolls of remove curse
 o - 3 scrolls of identify
 w - a scroll of blinking
 B - 2 scrolls of teleportation
 E - a scroll of fog {unknown}
Jewellery
 b - a cursed -2 ring of intelligence (left hand)
 m - an uncursed amulet of resist mutation
 s - a +3 ring of intelligence
 t - a ring of sustain abilities (right hand)
 C - an amulet of resist corrosion (around neck)
Potions
 g - 3 potions of brilliance
 k - a potion of curing
 p - a potion of resistance
 v - a potion of lignification
Books
 d - a book of Fire

   Spells                             Type                      Level
   Ignite Poison                      Fire/Transmutation           5
   Fireball                           Conjuration/Fire             5
   Bolt of Fire                       Conjuration/Fire             6
   Delayed Fireball                   Conjuration/Fire             7
   Ring of Flames                     Charms/Fire                  7
 D - a book of Unlife

   Spells                             Type                      Level
   Recall                             Summoning/Translocation      3
   Animate Dead                       Necromancy                   4
   Control Undead                     Necromancy                   4
   Twisted Resurrection               Necromancy                   5
   Death Channel                      Necromancy                   6
   Simulacrum                         Ice/Necromancy               6
Magical staves
 y - an uncursed staff of death


   Skills:
 + Level 7.1 Fighting
 - Level 10.3 Axes
 - Level 2.0 Throwing
 - Level 3.2 Dodging


You had 7 spell levels left.
You didn't know any spells.

Dungeon Overview and Level Annotations

Branches:
Dungeon (7/15)             Temple (1/1) D:5

Altars:
Ashenzari
Cheibriados
Dithmenos
Elyvilon
Fedhas
Kikubaaqudgha
Makhleb
Nemelex Xobeh
Okawaru
Sif Muna
Trog
Vehumet
Xom
Yredelemnul
Zin
The Shining One

Shops:
D:5 *

Annotations:
D:5 Grinder


Message History

The orc wizard hits you with a dagger.
* * * LOW HITPOINT WARNING * * *
The orc warrior completely misses you.
Drink which item? (? for menu, Esc to quit)
Okay, then.
Read which item? (? for menu, Esc to quit)
Blink to where?
Press: ? - help, Dir - move target cursor
As you read the scroll of blinking, it crumbles to dust.
You are very lightly contaminated with residual magic.
The orc wizard casts a spell.
The orc wizard blinks!
The orc wizard completely misses you.
Found a scroll of noise.
The orc wizard gestures at you while chanting.
You feel as though you will be slow longer.
The orc wizard gestures wildly while chanting.
The orc wizard blinks!
The orc warrior hits you with a short sword!
You die...

..# #............# #.#
#........o...# #.#?
##............# ####o#.#
#.......#######
#....#.#####.......#
#.o..#...........#.#
#....#.............####
#...o#.....§##........#
######
####§#........o@..>...#
#....#
#####.#.....[#####.....##
#....## ......#..[...#
#......# #.....#
###...#......# #......#
#.....# #..........#
#......# #.....#
#..........# #......#
#.....# ###........#
###########....#
#....##### #........
###### #.#######


You could see an orc warrior.

Vanquished Creatures
  Edmund (D:4)
  An ogre (D:3)
  A centaur (D:4)
  A phantom (D:4)
  Duvessa (D:6)
  A crocodile (D:3)
  Dowan (D:6)
  A crimson imp (D:6)
  2 jellies
  An iguana (D:6)
  A hound (D:3)
  An orc wizard (D:3)
  5 worker ants
  An ogre zombie (D:5)
  10 adders
  A shadow imp (Temple)
  A giant mite (D:3)
  5 worms
  6 giant geckos
  2 oozes
  12 orcs
  8 bats
  11 hobgoblins
  9 jackals
  8 kobolds
  3 quokkas
  3 giant cockroaches
  2 giant newts
  14 goblins
  A kobold skeleton (D:5)
  9 rats
  A rat skeleton (D:4)
125 creatures vanquished.

Vanquished Creatures (others)
  A giant gecko (D:7)
  4 toadstools (D:1)
5 creatures vanquished.

Grand Total: 130 creatures vanquished

Notes
Turn   | Place    | Note
--------------------------------------------------------------
     0 | D:1      | Yazd, the Hill Orc Gladiator, began the quest for the Orb.
     0 | D:1      | Reached XP level 1. HP: 18/18 MP: 1/1
   189 | D:1      | Reached XP level 2. HP: 19/25 MP: 2/2
   354 | D:1      | Reached skill level 5 in Axes
   735 | D:1      | Reached XP level 3. HP: 27/30 MP: 3/3
  1069 | D:2      | Reached skill level 6 in Axes
  1163 | D:2      | Reached XP level 4. HP: 20/37 MP: 4/4
  2195 | D:3      | Noticed an ogre
  2211 | D:3      | Killed an ogre
  2211 | D:3      | Reached skill level 8 in Axes
  2211 | D:3      | Reached XP level 5. HP: 2/42 MP: 5/5
  2539 | D:3      | Reached XP level 6. HP: 28/50 MP: 6/6
  3141 | D:3      | Noticed a crocodile
  3156 | D:3      | Killed a crocodile
  3156 | D:3      | Reached skill level 9 in Axes
  3368 | D:3      | Found an iron altar of Okawaru.
  3425 | D:3      | Found a glowing golden altar of the Shining One.
  4064 | D:4      | Noticed Edmund
  4091 | D:4      | Killed Edmund
  4091 | D:4      | Reached skill level 10 in Axes
  4091 | D:4      | Reached XP level 7. HP: 11/56 MP: 7/7
  5131 | D:5      | Entered Level 5 of the Dungeon
  5155 | D:5      | Found a shimmering altar of Xom.
  5359 | D:5      | Noticed Grinder
  5360 | D:5      | Paralysed by Grinder for 6 turns
  5579 | D:5      | Found Zin's Purification Station.
  5603 | D:5      | Found a glowing silver altar of Zin.
  5713 | D:5      | Found a staircase to the Ecumenical Temple.
  5734 | Temple   | Entered the Ecumenical Temple
  6087 | D:5      | Reached skill level 5 in Fighting
  6162 | D:6      | Reached XP level 8. HP: 68/68 MP: 8/8
  6433 | D:6      | Noticed Duvessa
  6433 | D:6      | Noticed Dowan
  6447 | D:6      | Killed Duvessa
  6862 | D:6      | Killed Dowan
  7269 | D:5      | Found a sparkling altar of Nemelex Xobeh.
  7631 | D:7      | Became a worshipper of Beogh the Brigand
  7762 | D:7      | HP: 1/73 [orc wizard/dagger (5)]
  7773 | D:7      | Mangled by an orc warrior

Action                   |  1- 3 |  4- 6 |  7- 9 || total
-------------------------+-------+-------+-------++-------
Melee: War axe           |    84 |   189 |   180 ||   453
Throw: Throwing net      |     2 |     7 |       ||     9
       Stone             |       |    21 |    15 ||    36
Invok: Convert to Beogh  |       |       |     1 ||     1
Evoke: Wand              |       |       |     1 ||     1
  Use: Scroll            |       |     8 |     8 ||    16
       Potion            |       |     2 |     3 ||     5
 Stab: Held in net/web   |       |     1 |       ||     1
  Eat: Chunk             |     1 |     9 |    11 ||    21
